[ AOE2 MATCH · #499455245 ]
UnrankedBulgarians vs Magyars
Player's team · WIN
Rival team · LOSS
[ REPLAY ANALYSIS · EXTRACTED FROM THE RECORDED GAME ]
Feudal
8:56
Castle
20:59
Imperial
45:43
| APM avg | 79.2 |
| APM peak | 132 |
| eAPM avg | 48.9 |
| Villagers / military | 450 / 1091 |
Focus
⚔️ 62.9% · 🌾 37.1%
Scout Cavalry ×396 · Spearman ×275 · Skirmisher ×225 · Konnik ×161 · Trebuchet (Packed) ×16 · Militia ×12
Feudal
8:26
Castle
22:23
Imperial
41:25
| APM avg | 73.8 |
| APM peak | 135 |
| eAPM avg | 39.6 |
| Villagers / military | 552 / 860 |
Focus
⚔️ 50.6% · 🌾 49.4%
Scout Cavalry ×652 · Cavalry Archer ×115 · Knight ×39 · Spearman ×24 · Trebuchet (Packed) ×11 · Magyar Huszar ×7
Match map
Initial resources + every placement click. Lines = walls · curves = elevation contours. ◆ gold · ⬟ stone · ● berries · ✦ relic · ◌ wall gap
Your base· ✓ Closed at 20:59 · 28t walls · 1 gate(s)
Champi Warrior's base· ✓ Closed at 22:23 · 47t walls · 1 gate(s)
Smoothed initial terrain · ◌ = detected wall gap · hover for details
Inputs per minute
— _Hallis - - Champi Warrior
Build order — _Hallis
First 150 of 1841 actions detected
| 0:00 | Queue | Villager (Male) |
| 0:01 | Queue | Villager (Male) |
| 0:01 | Queue | Villager (Male) |
| 0:02 | Build | House |
| 0:02 | Build | House |
| 0:11 | Queue | Villager (Male) |
| 0:11 | Queue | Villager (Male) |
| 1:26 | Queue | Villager (Male) |
| 2:00 | Build | Lumber Camp |
| 2:02 | Queue | Villager (Male) |
| 2:16 | Queue | Villager (Male) |
| 2:46 | Queue | Villager (Male) |
| 3:05 | Queue | Villager (Male) |
| 3:22 | Build | House |
| 3:27 | Queue | Villager (Male) |
| 3:45 | Queue | Villager (Male) |
| 3:51 | Build | Palisade Wall |
| 3:52 | Build | Palisade Wall |
| 4:19 | Build | Mill |
| 4:22 | Queue | Villager (Male) |
| 4:33 | Queue | Villager (Male) |
| 4:47 | Queue | Villager (Male) |
| 5:21 | Queue | Villager (Male) |
| 5:37 | Queue | Villager (Male) |
| 6:09 | Queue | Villager (Male) |
| 6:12 | Research | Loom |
| 6:36 | Build | Barracks |
| 6:47 | Research | Feudal Age |
| 7:23 | Build | House |
| 7:28 | Queue | Militia |
| 7:28 | Queue | Militia |
| 7:39 | Build | Palisade Wall |
| 7:50 | Build | House |
| 8:10 | Build | Palisade Wall |
| 8:17 | Queue | Militia |
| 8:20 | Queue | Villager (Male) |
| 8:34 | Build | Palisade Wall |
| 8:56 | Age | Feudal Age |
| 9:00 | Queue | Spearman |
| 9:01 | Queue | Villager (Male) |
| 9:05 | Research | Double-Bit Axe |
| 9:19 | Queue | Villager (Male) |
| 9:41 | Build | House |
| 9:44 | Queue | Spearman |
| 9:52 | Queue | Villager (Male) |
| 9:55 | Build | House |
| 10:11 | Queue | Spearman |
| 10:22 | Queue | Villager (Male) |
| 10:36 | Build | Archery Range |
| 10:38 | Queue | Villager (Male) |
| 10:47 | Build | Palisade Wall |
| 10:56 | Queue | Spearman |
| 11:22 | Queue | Villager (Male) |
| 11:26 | Queue | Villager (Male) |
| 11:28 | Build | Farm |
| 11:29 | Build | Farm |
| 11:38 | Build | Mill |
| 11:43 | Queue | Skirmisher |
| 12:03 | Queue | Skirmisher |
| 12:09 | Build | Farm |
| 12:10 | Build | Farm |
| 12:15 | Queue | Villager (Male) |
| 12:17 | Build | Farm |
| 12:26 | Build | Farm |
| 12:39 | Queue | Villager (Male) |
| 12:54 | Build | Farm |
| 12:57 | Build | Farm |
| 13:04 | Queue | Villager (Male) |
| 13:04 | Queue | Villager (Male) |
| 13:07 | Build | Farm |
| 13:19 | Queue | Skirmisher |
| 13:24 | Queue | Villager (Male) |
| 13:26 | Queue | Skirmisher |
| 13:34 | Queue | Villager (Male) |
| 13:46 | Build | Farm |
| 13:50 | Build | Farm |
| 13:55 | Queue | Villager (Male) |
| 14:01 | Build | House |
| 14:11 | Queue | Skirmisher |
| 14:27 | Queue | Villager (Male) |
| 14:28 | Queue | Skirmisher |
| 14:32 | Queue | Spearman |
| 14:44 | Queue | Villager (Male) |
| 14:54 | Build | Mining Camp |
| 15:03 | Queue | Villager (Male) |
| 15:09 | Queue | Spearman |
| 15:17 | Queue | Villager (Male) |
| 15:25 | Build | House |
| 15:58 | Build | Farm |
| 15:59 | Research | Horse Collar |
| 16:00 | Build | Farm |
| 16:03 | Build | Farm |
| 16:13 | Queue | Villager (Male) |
| 16:41 | Queue | Villager (Male) |
| 16:54 | Build | Farm |
| 16:55 | Build | Farm |
| 17:06 | Queue | Villager (Male) |
| 17:14 | Build | Lumber Camp |
| 17:54 | Queue | Villager (Male) |
| 17:57 | Build | Blacksmith |
| 18:19 | Research | Castle Age |
| 18:19 | Research | Castle Age |
| 18:19 | Queue | Skirmisher |
| 18:24 | Queue | Skirmisher |
| 18:25 | Queue | Spearman |
| 18:38 | Research | Scale Mail Armor |
| 18:40 | Queue | Spearman |
| 18:58 | Research | Fletching |
| 18:58 | Research | Fletching |
| 18:59 | Queue | Skirmisher |
| 19:02 | Queue | Spearman |
| 19:06 | Build | Farm |
| 19:08 | Queue | Skirmisher |
| 19:14 | Queue | Skirmisher |
| 19:18 | Queue | Militia |
| 19:25 | Build | Farm |
| 19:25 | Build | Farm |
| 19:47 | Queue | Skirmisher |
| 19:49 | Queue | Villager (Male) |
| 19:55 | Queue | Skirmisher |
| 19:59 | Queue | Militia |
| 19:59 | Queue | Militia |
| 20:07 | Build | Farm |
| 20:07 | Build | Farm |
| 20:08 | Queue | Skirmisher |
| 20:17 | Queue | Militia |
| 20:24 | Build | House |
| 20:30 | Build | Palisade Gate |
| 20:35 | Build | House |
| 20:40 | Research | Arson |
| 20:41 | Queue | Militia |
| 20:59 | Age | Castle Age |
| 21:02 | Research | Pikeman (upgrade) |
| 21:02 | Research | Pikeman (upgrade) |
| 21:05 | Research | Bodkin Arrow |
| 21:06 | Research | Bodkin Arrow |
| 21:10 | Build | House |
| 21:11 | Build | House |
| 21:14 | Queue | Villager (Male) |
| 21:17 | Build | Farm |
| 21:19 | Queue | Skirmisher |
| 21:23 | Research | Elite Skirmisher (upgrade) |
| 21:23 | Research | Elite Skirmisher (upgrade) |
| 21:23 | Research | Elite Skirmisher (upgrade) |
| 21:28 | Queue | Villager (Male) |
| 21:30 | Queue | Skirmisher |
| 21:30 | Queue | Skirmisher |
| 21:32 | Research | Padded Archer Armor |
| 21:37 | Queue | Militia |
| 21:57 | Queue | Villager (Male) |
Build order — Champi Warrior
First 150 of 1863 actions detected
| 0:01 | Queue | Villager (Male) |
| 0:01 | Queue | Villager (Male) |
| 0:01 | Queue | Villager (Male) |
| 0:01 | Queue | Villager (Male) |
| 0:02 | Queue | Villager (Male) |
| 0:02 | Build | House |
| 0:03 | Build | House |
| 1:27 | Queue | Villager (Male) |
| 1:53 | Queue | Villager (Male) |
| 1:53 | Queue | Villager (Male) |
| 1:57 | Build | Mill |
| 2:14 | Queue | Villager (Male) |
| 2:15 | Queue | Villager (Male) |
| 2:15 | Queue | Villager (Male) |
| 2:28 | Queue | Villager (Male) |
| 2:28 | Queue | Villager (Male) |
| 2:41 | Build | Palisade Wall |
| 3:05 | Queue | Villager (Male) |
| 3:22 | Queue | Villager (Male) |
| 3:22 | Queue | Villager (Male) |
| 3:51 | Build | House |
| 3:58 | Queue | Villager (Male) |
| 4:26 | Queue | Villager (Male) |
| 4:27 | Queue | Villager (Male) |
| 4:48 | Queue | Villager (Male) |
| 5:24 | Queue | Villager (Male) |
| 5:42 | Build | Lumber Camp |
| 5:55 | Research | Loom |
| 6:16 | Research | Feudal Age |
| 6:16 | Research | Feudal Age |
| 6:16 | Research | Feudal Age |
| 7:11 | Research | Loom |
| 7:34 | Build | Barracks |
| 7:46 | Build | House |
| 8:00 | Queue | Villager (Male) |
| 8:26 | Age | Feudal Age |
| 8:29 | Build | Stable |
| 8:47 | Queue | Villager (Male) |
| 9:07 | Queue | Spearman |
| 9:10 | Queue | Scout Cavalry |
| 9:10 | Queue | Scout Cavalry |
| 9:11 | Build | House |
| 9:26 | Queue | Villager (Male) |
| 9:34 | Build | Mill |
| 9:39 | Queue | Scout Cavalry |
| 9:42 | Queue | Villager (Male) |
| 9:53 | Build | Palisade Wall |
| 9:54 | Build | Palisade Wall |
| 9:56 | Build | Palisade Wall |
| 10:01 | Build | Palisade Wall |
| 10:09 | Queue | Villager (Male) |
| 10:20 | Queue | Villager (Male) |
| 10:20 | Queue | Villager (Male) |
| 10:39 | Build | House |
| 10:51 | Queue | Villager (Male) |
| 11:08 | Queue | Villager (Male) |
| 11:23 | Queue | Scout Cavalry |
| 11:43 | Queue | Villager (Male) |
| 12:00 | Build | Farm |
| 12:01 | Build | Farm |
| 12:01 | Build | Farm |
| 12:05 | Queue | Villager (Male) |
| 12:07 | Build | House |
| 12:15 | Build | House |
| 12:18 | Build | Farm |
| 12:19 | Build | Farm |
| 12:28 | Build | Farm |
| 12:33 | Queue | Villager (Male) |
| 12:36 | Build | Farm |
| 12:38 | Build | Farm |
| 12:45 | Build | Palisade Wall |
| 12:51 | Build | Farm |
| 12:54 | Build | Farm |
| 12:56 | Queue | Villager (Male) |
| 12:56 | Queue | Villager (Male) |
| 12:56 | Queue | Villager (Male) |
| 12:59 | Build | House |
| 13:13 | Research | Horse Collar |
| 13:25 | Build | Farm |
| 13:28 | Queue | Villager (Male) |
| 13:28 | Queue | Villager (Male) |
| 13:33 | Build | Palisade Wall |
| 13:50 | Queue | Villager (Male) |
| 13:54 | Build | House |
| 13:59 | Build | Farm |
| 14:01 | Research | Double-Bit Axe |
| 14:02 | Research | Double-Bit Axe |
| 14:09 | Build | Palisade Wall |
| 14:10 | Build | Palisade Wall |
| 14:13 | Queue | Villager (Male) |
| 14:20 | Queue | Spearman |
| 14:36 | Queue | Villager (Male) |
| 14:42 | Queue | Villager (Male) |
| 14:46 | Queue | Villager (Male) |
| 15:02 | Queue | Scout Cavalry |
| 15:06 | Queue | Villager (Male) |
| 15:07 | Build | House |
| 15:20 | Queue | Villager (Male) |
| 15:22 | Build | Farm |
| 15:56 | Queue | Villager (Male) |
| 15:58 | Build | Farm |
| 16:13 | Queue | Villager (Male) |
| 16:20 | Queue | Scout Cavalry |
| 16:35 | Queue | Scout Cavalry |
| 16:38 | Queue | Villager (Male) |
| 16:59 | Queue | Villager (Male) |
| 17:01 | Build | Mining Camp |
| 17:11 | Queue | Scout Cavalry |
| 17:12 | Queue | Villager (Male) |
| 17:15 | Queue | Villager (Male) |
| 17:19 | Build | House |
| 17:29 | Queue | Scout Cavalry |
| 17:35 | Build | Blacksmith |
| 17:38 | Queue | Scout Cavalry |
| 17:52 | Research | Wheelbarrow |
| 18:13 | Queue | Villager (Male) |
| 18:16 | Build | Farm |
| 18:18 | Build | Palisade Wall |
| 18:24 | Build | House |
| 18:36 | Build | Palisade Gate |
| 18:56 | Build | Palisade Wall |
| 19:11 | Build | House |
| 19:24 | Build | Palisade Wall |
| 19:33 | Build | Palisade Wall |
| 19:41 | Research | Castle Age |
| 19:41 | Research | Castle Age |
| 19:52 | Build | Archery Range |
| 19:54 | Build | Archery Range |
| 20:03 | Research | Fletching |
| 20:03 | Research | Fletching |
| 20:18 | Research | Gold Mining |
| 20:18 | Research | Gold Mining |
| 20:25 | Build | Lumber Camp |
| 20:47 | Research | Bloodlines |
| 20:47 | Research | Bloodlines |
| 21:19 | Build | House |
| 21:25 | Build | Farm |
| 21:33 | Research | Padded Archer Armor |
| 21:36 | Queue | Villager (Male) |
| 21:44 | Build | Farm |
| 21:54 | Build | House |
| 22:14 | Build | House |
| 22:22 | Queue | Villager (Male) |
| 22:23 | Age | Castle Age |
| 22:25 | Queue | Knight |
| 22:25 | Queue | Cavalry Archer |
| 22:26 | Queue | Cavalry Archer |
| 22:27 | Research | Bodkin Arrow |
| 22:33 | Build | Town Center |
| 22:41 | Queue | Villager (Male) |
Match timeline
| 2:41 | Champi Warrior · wall_segment Palisade Wall x1 |
| 3:51 | _Hallis · wall_segment Palisade Wall x1 |
| 3:52 | _Hallis · wall_segment Palisade Wall x1 |
| 6:36 | _Hallis · first_building Barracks |
| 7:34 | Champi Warrior · first_building Barracks |
| 7:39 | _Hallis · wall_segment Palisade Wall x4 |
| 8:10 | _Hallis · wall_segment Palisade Wall x6 |
| 8:26 | Champi Warrior · age_up feudal |
| 8:29 | Champi Warrior · first_building Stable |
| 8:34 | _Hallis · wall_segment Palisade Wall x10 |
| 8:56 | _Hallis · age_up feudal |
| 9:53 | Champi Warrior · wall_segment Palisade Wall x1 |
| 9:54 | Champi Warrior · wall_segment Palisade Wall x1 |
| 9:56 | Champi Warrior · wall_segment Palisade Wall x1 |
| 10:01 | Champi Warrior · wall_segment Palisade Wall x1 |
| 10:36 | _Hallis · first_building Archery Range |
| 10:47 | _Hallis · wall_segment Palisade Wall x6 |
| 12:45 | Champi Warrior · wall_segment Palisade Wall x5 |
| 13:33 | Champi Warrior · wall_segment Palisade Wall x6 |
| 14:09 | Champi Warrior · wall_segment Palisade Wall x4 |
| 14:10 | Champi Warrior · wall_segment Palisade Wall x9 |
| 18:18 | Champi Warrior · wall_segment Palisade Wall x1 |
| 18:56 | Champi Warrior · wall_segment Palisade Wall x7 |
| 19:24 | Champi Warrior · wall_segment Palisade Wall x1 |
| 19:33 | Champi Warrior · wall_segment Palisade Wall x12 |
| 19:52 | Champi Warrior · first_building Archery Range |
| 20:59 | _Hallis · age_up castle |
| 22:23 | Champi Warrior · age_up castle |
| 23:39 | _Hallis · wall_segment Palisade Wall x1 |
| 23:40 | _Hallis · wall_segment Palisade Wall x1 |
| 24:12 | Champi Warrior · first_market_sell 100 food |
| 25:21 | Champi Warrior · wall_segment Palisade Wall x1 |
| 28:30 | _Hallis · wall_segment Palisade Wall x1 |
| 28:49 | Champi Warrior · first_building Siege Workshop |
| 31:37 | _Hallis · first_market_buy 100 food |
| 32:41 | _Hallis · first_building Krepost |
| 33:16 | _Hallis · first_building Stable |
| 33:27 | Champi Warrior · first_market_buy 100 wood |
| 39:11 | Champi Warrior · wall_segment Palisade Wall x1 |
| 39:24 | _Hallis · wall_segment Stone Wall x1 |
| 41:25 | Champi Warrior · age_up imperial |
| 41:25 | _Hallis · first_building Castle |
| 41:55 | _Hallis · first_market_sell 500 wood |
| 42:03 | Champi Warrior · first_building Castle |
| 44:51 | _Hallis · first_building Monastery |
| 45:28 | Champi Warrior · first_building Monastery |
| 45:43 | _Hallis · age_up imperial |
| 49:46 | _Hallis · wall_segment Stone Wall x6 |
| 79:10 | Champi Warrior · wall_segment Palisade Wall x1 |
| 79:51 | Champi Warrior · wall_segment Palisade Wall x1 |
| 80:13 | Champi Warrior · wall_segment Palisade Wall x1 |
| 87:55 | _Hallis · wall_segment Stone Wall x16 |
| 94:51 | Champi Warrior · wall_segment Palisade Wall x6 |
| 94:59 | Champi Warrior · wall_segment Palisade Wall x6 |
| 95:01 | Champi Warrior · wall_segment Palisade Wall x5 |
| 97:59 | Champi Warrior · wall_segment Stone Wall x21 |
| 99:08 | Champi Warrior · wall_segment Stone Wall x9 |
| 101:57 | Champi Warrior · resign |
[ AI ANALYSIS · 1 CREDIT ]
What really happened in this match?
Wolo.gg analyzes every decision: build order, eco, micro, common mistakes by bracket. Personalized analysis on WhatsApp or Discord in 30 seconds.
Civ guide
Bulgarians
Perfil
Jugador #250103